 Dungeon Crawl Stone Soup version 0.30-a0-920-g7493c07aab (webtiles) character file.

Game seed: 15496016847432504236

59 jasper the Magician (level 3, -3/26 HPs)
             Began as a Draconian Hedge Wizard on Mar 21, 2023.
             Slain by a hell rat (16 damage)
             ... in a sewer.
             The game lasted 00:03:16 (2179 turns).

jasper the Magician (Draconian Hedge Wizard)        Turns: 2179, Time: 00:03:16

Health: -3/26      AC:  6    Str: 12    XL:     3   Next: 78%
Magic:  7/8        EV: 12    Int: 16    God:
Gold:   107        SH:  0    Dex: 10    Spells: 2/9 levels left

rFire   . . .      SeeInvis .    n - +0 short sword (vamp)
rCold   . . .      Faith    .    (no shield)
rNeg    . . .      Spirit   .    (body armour unavailable)
rPois   .          Reflect  .    b - +0 hat
rElec   .          Rampage  .    (no cloak)
rCorr   .                        m - +0 pair of gloves
Will    .....                    (no boots)
Stlth   ++                       (no amulet)
HPRegen 0.24/turn                (no ring)
MPRegen 0.11/turn                (no ring)

@: no status effects
A: AC +5, unfitting armour, cold-blooded
a: no special abilities


You were in a sewer.
You visited 1 branch of the dungeon, and saw 3 of its levels.
You also visited: Sewer.

You collected 107 gold pieces.

Inventory:

Hand Weapons
 a - a +0 dagger
 e - a +1 short sword of speed
 l - a +0 rapier
 n - a +0 vampiric short sword (weapon)
Missiles
 f - 2 atropa-tipped darts
Armour
 b - a +0 hat (worn)
 m - a +0 pair of gloves (worn)
Jewellery
 r - a ring of resist corrosion
Scrolls
 g - a scroll of immolation {unknown}
 i - a scroll of teleportation {unknown}
 o - 3 scrolls of identify {unknown}
Potions
 c - a potion of magic
 d - a potion of might {unknown}
 h - a potion of brilliance {unknown}
 j - a potion of haste {unknown}
 k - 2 potions of heal wounds {unknown}
 p - 2 potions of curing {unknown}
 q - 2 potions of mutation {unknown}
 s - a potion of cancellation {unknown}


   Skills:
 - Level 1.7 Dodging
 - Level 1.7 Stealth
 * Level 3.5 Spellcasting
 + Level 1.4 Conjurations
 + Level 1.6 Summonings
 + Level 1.1 Necromancy
 + Level 1.5 Translocations
 + Level 0.6 Air Magic
 + Level 0.4 Poison Magic


You had 2 spell levels left.
You knew the following spells:

 Your Spells              Type           Power      Damage    Failure   Level
a - Magic Dart            Conj           28%        1d4       10%         1
b - Blink                 Tloc           14%        N/A       14%         2
c - Call Imp              Summ           8%         N/A       14%         2
d - Cigotuvi's Dreadful   Necr/Pois/Air  10%        N/A       21%         2

Your spell library contained the following spells:

 Spells                   Type           Power      Damage    Failure   Level
 Slow                     Hex            8%         N/A       19%         1
 Mephitic Cloud           Conj/Pois/Air  5%         N/A       36%         3
 Summon Guardian Golem    Hex/Summ       5%         N/A       36%         3
 Orb of Destruction       Conj           3%         9d5       100%        7
 Spellforged Servitor     Conj/Summ      3%         N/A       100%        7


Dungeon Overview and Level Annotations

Branches:
Dungeon (3/15)              Sewer (1/1)

Altars:


Innate Abilities, Weirdness & Mutations

Your plain brown scales are hard. (AC +5)
You cannot fit into any form of body armour.
You are cold-blooded and may be slowed by cold attacks.


Message History

You enter the shallow water.
Moving in this stuff is going to be slow.
You open the door.
A hell rat comes into view.
The hell rat roars deafeningly!
Found seven items.
Found a gate leading back out of this place.
MP restored: 8
Casting: Magic Dart (safe; 10% risk of failure)
Confirm with . or Enter, or press ? or * to list all spells.
A shadowy apparition takes form in the air.
You now have 6/8 mp.
Your shadow imp closely misses the hell rat.
The hell rat completely misses you.
You hit the hell rat.
Your tail-slap misses the hell rat.
The hell rat is moderately wounded.
Your shadow imp hits the hell rat but does no damage.
The hell rat closely misses you.
You hit the hell rat but do no damage.
The hell rat is moderately wounded.
Your shadow imp splashes around in the water.
The hell rat closely misses you.
You hit the hell rat but do no damage.
The hell rat is moderately wounded.
The hell rat bites you!
Ouch! That really hurt!
Your shadow imp closely misses the hell rat.
You take 13 damage, and have 13/26 hp.
MASSIVE DAMAGE!!
You hit the hell rat but do no damage.
The hell rat is moderately wounded.
The hell rat misses you.
Your shadow imp hits the hell rat but does no damage.
You hit the hell rat but do no damage.
You tail-slap the hell rat, but do no damage.
The hell rat is moderately wounded.
The hell rat misses you.
Your shadow imp barely misses the hell rat.
The hell rat bites you!
Ouch! That really hurt!
You die...

#.~~..~~#
##...~..~##
#.~~###†.~#
##~.## ##..##
#.~.#.. #..~#
#..##?~~##~~#
#~.#?!~~~#†~#
#∩∩#∩?~~~'5~#
#††#?$~~.#r@#
#.~##!.~ #~.#
#~~~#~~ #~.~#
##~.## #~.##
#..~ ...#
##~~. ~~.##
.~~.~.~ ...##


You could see a hell rat (ally target) and a friendly shadow imp (summoned).

Vanquished Creatures
  A river rat (Sewer)
  2 dart slugs
  3 bats
  4 endoplasms
  2 giant cockroaches
  2 goblins (D:1)
  6 hobgoblins
  4 kobolds
  4 quokkas
  5 ball pythons
  2 frilled lizards (D:2)
  8 rats
43 creatures vanquished.

Vanquished Creatures (others)
  A plant (D:1)
1 creature vanquished.

Grand Total: 44 creatures vanquished

Notes
Turn   | Place    | Note
-------+----------+-------------------------------------------
     0 | D:1      | jasper the Draconian Hedge Wizard began the quest for the
                  | Orb.
     0 | D:1      | Reached XP level 1. HP: 14/14 MP: 4/4
   170 | D:1      | Reached XP level 2. HP: 20/20 MP: 1/6
   173 | D:1      | Learned a level 2 spell: Blink
   176 | D:1      | Learned a level 2 spell: Call Imp
   179 | D:1      | Learned a level 2 spell: Cigotuvi's Dreadful Rot
   550 | D:1      | Found a faded altar of an unknown god.
  1079 | D:1      | You fall into a shaft and drop 1 floor!
  1097 | D:2      | Reached XP level 3. HP: 22/26 MP: 0/7
  2027 | D:3      | Reached skill level 1 in Necromancy
  2051 | D:3      | Found a glowing drain.
  2069 | Sewer    | Entered a sewer
  2179 | Sewer    | Slain by a hell rat

Illustrated notes

Levels and vault maps discovered:
D:1:      nzn_arrival_settlement, layout_basic, serial_corexii_hall,
          corexii_hall_statues_deadend, corexii_hall_statues_l,
          ebering_ecumenical_altar_box, serial_bayou_pond_c
D:2:      layout_rooms
D:3:      layout_basic, portal_sewer_entry_b, uniq_sigmund
Sewer:    sewer_hellmonk_bad_rat

Skill      XL: |  1  2  3 |
---------------+----------+-----
Necromancy     | 1 |  1.1
Dodging        | |  1.7
Stealth        | |  1.7
Spellcasting   | |  3.5
Conjurations   | |  1.4
Summonings     | |  1.6
Translocations | |  1.5
Air Magic      | |  0.6
Poison Magic   | |  0.4

Action                     || total
---------------------------++-------
  Melee: Short sword       ||    60
         Tailslap          ||     3
   Cast: Magic Dart        ||    89
         Call Imp          ||     2
   Stab: Distracted        ||     1
 Armour: Skin              ||    24
  Dodge: Dodged            ||    38

Table legend: (Time is in decaauts)
 A = Elapsed time spent in this place.
 B = Non-inter-level travel time spent in this place.
 C = Inter-level travel time spent in this place.
 D = Time resting spent in this place.
 E = Time spent auto-exploring this place.
 F = Levels seen in this place.
 G = Mean time per level.
                   A        B        C        D        E       F      G
               +--------+--------+--------+--------+--------+-----+--------+
         Total |   2188 |   2068 |    120 |    117 |   1606 |   4 |  547.0 |
       Dungeon |   2074 |   1954 |    120 |     77 |   1566 |   3 |  691.3 |
         Sewer |    113 |    113 |      0 |     40 |     40 |   1 |  113.0 |
               +--------+--------+--------+--------+--------+-----+--------+

Top non-repeatable levels by time:
     D:1: 1383 daAuts
     D:2: 596 daAuts
   Sewer: 113 daAuts
     D:3: 94 daAuts
